 Dungeon Crawl Stone Soup version 0.29-a0-451-gfbfa424 (webtiles) character file.

Game seed: 17674906943661963814

1143 Toastz the Chopper (level 8, -4/76 HPs)
             Began as a Deep Dwarf Fighter on May 19, 2022.
             Was a Believer of Elyvilon.
             Slain by an ice beast (13 damage)
             ... on level 6 of the Dungeon.
             The game lasted 00:13:24 (4583 turns).

Toastz the Chopper (Deep Dwarf Fighter)             Turns: 4583, Time: 00:13:25

Health: -4/76      AC:  9    Str: 22    XL:     8   Next: 15%
Magic:  3/3        EV:  9    Int:  9    God:    Elyvilon [**....]
Gold:   532        SH:  5    Dex: 12    Spells: 7/7 levels left

rFire   . . .      SeeInvis .   a - +0 war axe
rCold   . . .      Faith    .   c - +0 buckler
rNeg    . . .      Spirit   .   b - +0 scale mail
rPois   .          Reflect  .   i - +0 helmet
rElec   .          Harm     .   x - +0 cloak
rCorr   .          Rampage  .   (no gloves)
Will    ++...                   (no boots)
Stlth   ..........              (no amulet)
HPRegen 0.00/turn               q - ring of willpower
MPRegen 0.08/turn               (no ring)

@: no status effects
A: damage resistance, heal wounds, sense surroundings 1, no regeneration
a: Heal Wounds, Renounce Religion, Purification, Heal Other


You were on level 6 of the Dungeon.
You worshipped Elyvilon.
Elyvilon was pleased with you.
You visited 2 branches of the dungeon, and saw 7 of its levels.
You also visited: Ossuary.

You collected 532 gold pieces.

Inventory:

Hand Weapons
 a - a +0 war axe (weapon)
Missiles
 g - 178 stones
 k - 2 boomerangs (quivered)
 l - 5 poisoned darts
Armour
 b - a +0 scale mail (worn)
 c - a +0 buckler (worn)
 e - a +2 tower shield
 i - a +0 helmet (worn)
 x - a +0 cloak (worn)
Jewellery
 q - a ring of willpower (left hand)
Wands
 h - a wand of charming (6)
Scrolls
 f - 3 scrolls of magic mapping
 m - 2 scrolls of amnesia
 n - 2 scrolls of enchant weapon
 p - 2 scrolls of immolation {unknown}
 u - 4 scrolls of teleportation {unknown}
 w - a scroll of blinking {unknown}
 y - 2 scrolls of poison {unknown}
 D - a scroll of torment {unknown}
Potions
 d - a potion of experience {unknown}
 j - a potion of flight {unknown}
 o - a potion of resistance {unknown}
 r - a potion of invisibility {unknown}
 s - 2 potions of brilliance
 t - 4 potions of haste {unknown}
 v - 2 potions of mutation {unknown}
 z - 2 potions of ambrosia {unknown}
 A - 3 potions of attraction {unknown}
 B - 2 potions of curing
 C - a potion of degeneration {unknown}


   Skills:
 + Level 5.9 Fighting
 + Level 7.4 Axes
 - Level 3.2 Armour
 - Level 5.0 Shields
 - Level 3.0 Invocations


You had 7 spell levels left.
You didn't know any spells.
Your spell library contained the following spells:

 Spells                   Type           Power      Damage    Failure   Level
 Blink                    Tloc           0%         N/A       90%         2
 Sublimation of Blood     Necr           0%         N/A       90%         2
 Gell's Gravitas          Tloc           0%         N/A       99%         3
 Lesser Beckoning         Tloc           0%         N/A       99%         3
 Teleport Other           Tloc           0%         N/A       99%         3
 Petrify                  Tmut/Erth      0%         N/A       100%        4
 Irradiate                Conj/Tmut      0%         3d13      100%        5
 Manifold Assault         Tloc           0%         N/A       100%        5
 Dispersal                Tloc           0%         N/A       100%        6


Dungeon Overview and Level Annotations

Branches:
Dungeon (6/15)             Temple (1/1) D:4         Ossuary (visited)

Altars:
Ashenzari
Cheibriados
Dithmenos
Elyvilon
Fedhas
Gozag
Hepliaklqana
Kikubaaqudgha
Makhleb
Nemelex Xobeh
Okawaru
Qazlal
Ru
Sif Muna
Trog
Uskayaw
Vehumet
Wu Jian
Xom
Yredelemnul
Zin
The Shining One

Shops:
D:6 [


Innate Abilities, Weirdness & Mutations

You are resistant to damage.
You can heal yourself by infusing magical energy.
You passively map a small area around you.
You do not regenerate.


Message History

Press: ? - help, Q - select action, (/) - cycle Shift-Dir - straight line, f - ice beast
Aim: an ice beast (59% to hit)
You throw a boomerang. The boomerang hits the ice beast.
The ice beast is lightly wounded.
Throw: 2 boomerangs
Press: ? - help, Q - select action, (/) - cycle Shift-Dir - straight line, f/p - ice beast
Aim: an ice beast (lightly wounded, 59% to hit)
You throw a boomerang.
The boomerang completely misses the ice beast.
Throw: 2 boomerangs
Press: ? - help, Q - select action, (/) - cycle Shift-Dir - straight line, f/p - ice beast
Aim: an ice beast (59% to hit)
You throw a boomerang. The boomerang hits the ice beast.
The ice beast is lightly wounded.
Throw: 2 boomerangs
Press: ? - help, Q - select action, (/) - cycle Shift-Dir - straight line, f/p - ice beast
Aim: an ice beast (lightly wounded, 59% to hit)
You throw a boomerang.
The boomerang hits the ice beast but does no damage.
The ice beast is lightly wounded.
You block the ice beast's attack.
You barely miss the ice beast.
The ice beast is lightly wounded.
The ice beast hits you but does no damage.
You closely miss the ice beast.
The ice beast is lightly wounded.
The ice beast hits you but does no damage.
You closely miss the ice beast.
The ice beast is lightly wounded.
The ice beast closely misses you. The ice beast hits you.
* * * LOW HITPOINT WARNING * * *
The ice beast freezes you!
* * * LOW HITPOINT WARNING * * *
You slash the ice beast!
The ice beast is heavily wounded.
You block the ice beast's attack.
You hit the ice beast but do no damage.
The ice beast is heavily wounded.
The ice beast hits you. The ice beast freezes you!
You die...

,*,*,*,,,,,,,,,,,*,*,,,,,,,,>,,,,
,,,,,,,**,,,,,##....,,,,,,,,,,***
,,,*,,,,,,,,,,.....#,....,,,,,**,
,,,*,,,,*.#**,*....#.....**,,,*,,
,,,*,,,,,...,,,....#...(,**,,,*,,
,,,,,,,**,...,##.......,.,,,,,+,,
,*,*,*,,,,.,..,..#.#.#...,,,,,*,,
.*,,,*,*,*..,#.#Y#...#.#..∩,,,*,,
...,,,,,,*.#.#..@........#*,,,*,,
#..,,,**,......##.....##.#*,,,**,
...,,,,,,..#.............#*,,,**,
#.###,*,,,,#....#.###.#..#,,,,***
.....,,,,,,#.............+,,,,,*
#....,**,,.....##.....##.#*,,,,*
...,,.,,,*.#.#...........#*,,,,*
.#,..*,*,*...#.#.#...#.#.#*#+##*
.#.#.#,,,,.......#.#.#...##...##


You could see an ice beast.

Vanquished Creatures
  A black bear (D:4)
  An ice beast (D:6)
  2 phantoms (D:6)
  A bullfrog (D:6)
  A necrophage (D:4)
  2 scorpions
  A howler monkey (D:5)
  A gnoll shaman (D:5)
  A hound (D:4)
  A jelly (D:5)
  Natasha (thrice) (D:3)
  2 iguanas
  8 mummies (Ossuary)
  6 gnolls
  5 adders
  A white imp (D:6)
  An ufetubus (D:4)
  A worm (D:3)
  A dart slug (D:1)
  10 orcs
  7 ball pythons
  5 bats
  6 endoplasms
  2 giant cockroaches
  A gnoll zombie (Ossuary)
  7 goblins
  10 hobgoblins
  2 jackals (D:2)
  5 kobolds
  3 quokkas
  2 frilled lizards
  A goblin zombie (D:6)
  2 kobold zombies (Ossuary)
  5 orc zombies (Ossuary)
  A quokka zombie (D:6)
  5 rats
114 creatures vanquished.

Notes
Turn   | Place    | Note
-------+----------+-------------------------------------------
     0 | D:1      | Toastz the Deep Dwarf Fighter began the quest for the Orb.
     0 | D:1      | Reached XP level 1. HP: 20/20 MP: 1/1
   117 | D:1      | Reached XP level 2. HP: 27/27 MP: 2/2
   172 | D:1      | Reached skill level 3 in Axes
   441 | D:1      | Reached XP level 3. HP: 33/34 MP: 3/3
  1362 | D:3      | Reached XP level 4. HP: 11/42 MP: 4/4
  1374 | D:3      | Found a faded altar of an unknown god.
  1444 | D:3      | Noticed Natasha
  1467 | D:3      | Reached skill level 4 in Axes
  1477 | D:3      | Killed Natasha
  1609 | D:3      | Noticed Natasha
  1615 | D:3      | Killed Natasha
  1616 | D:3      | Reached XP level 5. HP: 24/49 MP: 4/4
  1705 | D:3      | Noticed Natasha
  1712 | D:3      | Killed Natasha
  2260 | D:4      | Noticed a black bear
  2269 | D:4      | Reached skill level 5 in Axes
  2269 | D:4      | Reached XP level 6. HP: 47/57 MP: 4/4
  2436 | D:4      | Reached skill level 5 in Shields
  2722 | D:4      | Found a staircase to the Ecumenical Temple.
  2735 | Temple   | Entered the Ecumenical Temple
  2948 | Temple   | Became a worshipper of Elyvilon the Healer
  3055 | D:5      | Entered Level 5 of the Dungeon
  3216 | D:5      | Identified the +2 ring mail of the Leaf {-Tele Harm *Slow
                  | SInv}
  3261 | D:5      | Reached XP level 7. HP: 3/66 MP: 3/3
  3356 | D:5      | Reached * piety under Elyvilon
  3508 | D:5      | Found a snail-covered altar of Cheibriados.
  3513 | D:5      | Found a blossoming altar of Fedhas.
  3639 | D:5      | Reached skill level 6 in Axes
  3661 | D:5      | Reached skill level 1 in Invocations
  3755 | D:5      | Found a shadowy altar of Dithmenos.
  3756 | D:5      | Found an ancient bone altar of Kikubaaqudgha.
  3756 | D:5      | Found an opulent altar of Gozag.
  3758 | D:5      | Found a shimmering altar of Xom.
  4158 | D:6      | Reached skill level 5 in Fighting
  4209 | D:6      | HP: 3/67 [white imp/puff of frost (8)]
  4218 | D:6      | HP: 3/67 [white imp (1)]
  4269 | D:6      | Reached skill level 7 in Axes
  4270 | D:6      | Found Dihulual's Armour Shoppe.
  4289 | D:6      | Found a sand-covered staircase.
  4304 | Ossuary  | Entered an ossuary
  4318 | Ossuary  | Reached ** piety under Elyvilon
  4345 | Ossuary  | Reached XP level 8. HP: 20/75 MP: 4/4
  4563 | D:6      | HP: 3/76 [ice beast (7)]
  4583 | D:6      | Slain by an ice beast

Illustrated notes

Levels and vault maps discovered:
D:1:      minmay_arrival_arboretum_small, layout_loops_ring,
          nicolae_figureground_pulse
D:2:      layout_rooms, cheibrodos_gnoll_hut
D:3:      layout_loops_ring, hellmonk_ecumenical_altar_zigzags,
          nrook_mini_vaults, uniq_natasha
D:4:      layout_cave_pods, temple_statues
D:5:      layout_layer_cave, chequers_temple_overflow_statue_of_worship,
          minitemple
D:6:      nicolae_cairo_tiling_large_dashed, layout_gridville, serial_shops,
          shop, shop, shop, enter_ossuary_4
Temple:   regret_index_temple_sphere_string

Skill      XL: |  1  2  3  4  5  6  7 |
---------------+----------------------+-----
Axes           | 3 4 5 7 |  7.4
Fighting       | 3 4 5 |  5.9
Shields        | 4 5 |  5.0
Invocations    | 3 |  3.0
Armour         | |  3.2

Action                   |  1- 3 |  4- 6 |  7- 9 || total
-------------------------+-------+-------+-------++-------
Melee: War axe           |   106 |   114 |   120 ||   340
Throw: Stone             |    27 |       |       ||    27
       Boomerang         |    17 |    58 |    69 ||   144
 Abil: Heal Wounds       |     1 |     5 |     6 ||    12
  Use: Scroll            |       |     3 |     1 ||     4
       Potion            |       |     3 |       ||     3
Armor: Scale mail        |    52 |    65 |    44 ||   161
Dodge: Dodged            |    58 |    74 |    44 ||   176
Block: Buckler           |    28 |    46 |    22 ||    96

Table legend: (Time is in decaauts)
 A = Elapsed time spent in this place.
 B = Non-inter-level travel time spent in this place.
 C = Inter-level travel time spent in this place.
 D = Time resting spent in this place.
 E = Time spent auto-exploring this place.
 F = Levels seen in this place.
 G = Mean time per level.
                   A        B        C        D        E       F      G
               +--------+--------+--------+--------+--------+-----+--------+
         Total |   4734 |   4516 |    218 |      0 |   3349 |   8 |  591.8 |
       Dungeon |   4267 |   4120 |    147 |      0 |   3096 |   6 |  711.2 |
        Temple |    235 |    164 |     71 |      0 |    148 |   1 |  235.0 |
       Ossuary |    230 |    230 |      0 |      0 |    105 |   1 |  230.0 |
               +--------+--------+--------+--------+--------+-----+--------+

Top non-repeatable levels by time:
     D:5: 1109 daAuts
     D:3: 888 daAuts
     D:4: 782 daAuts
     D:1: 762 daAuts
     D:2: 478 daAuts
     D:6: 247 daAuts
  Temple: 235 daAuts
 Ossuary: 230 daAuts
